 Dungeon Crawl Stone Soup version 0.25.0-15-gac7dcb8919 (webtiles) character file.

Game seed: 1796182292640919768

187 nojaa the Gusty (level 5, 0/24 HPs)
             Began as a Vine Stalker Air Elementalist on June 28, 2020.
             Slain by a killer bee (10 damage)
             ... on level 5 of the Dungeon.
             The game lasted 00:27:19 (4751 turns).

nojaa the Gusty (Vine Stalker Air Elementalist)     Turns: 4751, Time: 00:27:20

Health: 0/24       AC:  6    Str: 11    XL:     5   Next: 66%
Magic:  0/9        EV: 12    Int: 16    God:
Gold:   95         SH:  0    Dex: 14    Spells: 2/8 levels left

rFire    . . .     SeeInvis .   h - +1 trident (venom)
rCold    . . .     Gourm    .   (no shield)
rNeg     . . .     Faith    .   a - +2 robe
rPois    .         Spirit   +   (no helmet)
rElec    .         Reflect  .   (no cloak)
rCorr    .         Harm     .   (no gloves)
MR       .....                  s - +1 pair of boots
Stlth    ++........             b - amulet of guardian spirit
HPRegen  0.48/turn              (no ring)
MPRegen  0.11/turn              (no ring)

@: brilliant, lethally poisoned (0 -> -5), very slightly contaminated
A: fangs 2, regeneration 1, magic shield, antimagic bite, no potion heal 3, rot
immunity
a: no special abilities


You were on level 5 of the Dungeon.
You were not hungry.

You visited 1 branch of the dungeon, and saw 5 of its levels.

You collected 95 gold pieces.

Inventory:

Hand Weapons
 h - a +1 trident of venom (weapon)
Missiles
 d - 147 stones (quivered)
 i - 2 boomerangs
Armour
 a - a +2 robe (worn)
 s - a +1 pair of boots (worn)
Magical Staves
 r - an uncursed staff of death
Jewellery
 b - an amulet of guardian spirit (around neck)
Scrolls
 e - 2 scrolls of teleportation
 f - 3 scrolls of remove curse
 j - a scroll of fog {unknown}
 m - a scroll of random uselessness {unknown}
 o - a scroll of amnesia {unknown}
 p - a scroll of fear
 q - a scroll of blinking {unknown}
Potions
 g - a potion of invisibility
 k - a potion of brilliance
 l - 2 potions of curing
 n - a potion of mutation
Comestibles
 c - 8 rations


   Skills:
 - Level 1.5 Dodging
 - Level 2.4 Stealth
 - Level 2.1 Spellcasting
 - Level 4.0 Conjurations
 * Level 4.6 Air Magic


You had 2 spell levels left.
You knew the following spells:

 Your Spells              Type           Power        Failure   Level  Hunger
a - Shock                 Conj/Air       ###.         3%          1    None
b - Swiftness             Chrm/Air       ##......     12%         2    None
c - Static Discharge      Conj/Air       ###.....     11%         3    None

Your spell library contained the following spells:

 Spells                   Type           Power        Failure   Level  Hunger
 Corona                   Hex            #......      21%         1    None
 Ensorcelled Hibernation  Hex/Ice        #.....       30%         2    None
 Dazzling Flash           Conj/Hex       ##....       26%         3    None
 Airstrike                Air            ###.......   30%         4    None
 Confusing Touch          Hex            #.......     52%         3    None
 Tukima's Dance           Hex            #.......     52%         3    None
 Lightning Bolt           Conj/Air       ###.......   67%         5    None


Dungeon Overview and Level Annotations

Branches:
Dungeon (5/15)
 Temple: D:4-7

Altars:
Trog

Annotations:
D:5 Dowan, Duvessa


Innate Abilities, Weirdness & Mutations

You have extremely sharp teeth.
Your natural rate of healing is unusually fast.
When hurt, damage is shared between your health and your magic reserves.
Your bite disrupts and absorbs the magic of your enemies.
Potions cannot restore your health.
You are immune to rotting.


Message History

You feel a surge of power!
You miscast Static Discharge.
You are very lightly contaminated with residual magic.
Nothing appears to happen.
The killer bee closely misses you.
The killer bee stings you but does no damage.
The killer bee closely misses you. The killer bee barely misses you.
The killer bee stings you.
The killer bee stings you but does no damage.
Casting: Static Discharge (quite dangerous; 11% risk of failure)
Confirm with . or Enter, or press ? or * to list all spells.
The spell is quite dangerous to cast (11% risk of failure)!
Continue anyway?
You feel a surge of power!
You miscast Static Discharge.
Nothing appears to happen.
The killer bee stings you.
You are poisoned.
The killer bee poisons you! The killer bee stings you.
You are more poisoned.
The killer bee poisons you! The killer bee barely misses you.
The killer bee closely misses you.
An ogre comes into view. It is wielding a +0 giant club.
The killer bee stings you!
You die...

# # .O## #
...#####. #
....?..!. #
#........ .
###!....... .
#####........
..
.$.....yS.#
.# .......@y#
## .......y.#
#...###..#
### #..# #..#
#..# ..## ...


You could see an ogre (wandering), 3 killer bees and an adder.

Vanquished Creatures
  A bullfrog skeleton (D:4)
  An orc wizard (D:3)
  4 adders
  An ooze (D:1)
  2 worms
  3 dart slugs (D:1)
  A leopard gecko (D:1)
  3 orcs (D:3)
  3 ball pythons
  7 giant cockroaches
  8 goblins
  6 hobgoblins
  9 jackals
  A quokka (D:3)
  13 bats
  A frilled lizard (D:2)
  6 kobolds
  6 rats
76 creatures vanquished.

Notes
Turn   | Place    | Note
-------+----------+-------------------------------------------
     0 | D:1      | nojaa the Vine Stalker Air Elementalist began the quest for
                  | the Orb.
     0 | D:1      | Reached XP level 1. HP: 9/9 MP: 4/4
   175 | D:1      | Reached XP level 2. HP: 1/13 MP: 0/6
   737 | D:1      | Learned a level 2 spell: Swiftness
   883 | D:1      | Reached XP level 3. HP: 14/16 MP: 0/7
  1766 | D:2      | Gained mutation: Your natural rate of healing is unusually
                  | fast. [Vine Stalker growth]
  1766 | D:2      | Reached XP level 4. HP: 21/21 MP: 1/8
  1997 | D:2      | Learned a level 3 spell: Static Discharge
  2348 | D:2      | Found a bloodstained altar of Trog.
  3075 | D:3      | Reached XP level 5. HP: 21/24 MP: 2/9
  4432 | D:4      | Noticed an ogre
  4667 | D:5      | Entered Level 5 of the Dungeon
  4667 | D:5      | Noticed Duvessa
  4667 | D:5      | Noticed Dowan
  4751 | D:5      | Noticed an ogre
  4751 | D:5      | Slain by a killer bee

Illustrated notes

Levels and vault maps discovered:
D:1:      wander_arrival_lonely_grave, layout_rooms, minmay_pentomino_o2
D:2:      layout_basic, overflow_temple_1_default, grunt_ministairs_8,
          roderic_filled_cross, minivault_26
D:3:      layout_basic, first_ration
D:4:      layout_basic, ebering_ghost_rock_garden
D:5:      layout_layer_cave, grunt_dithmenos_shadows, uniq_duvessa

Skill      XL: |  1  2  3  4  5 |
---------------+----------------+-----
Conjurations   | 2 3 4 |  4.0
Air Magic      | 4 |  4.6
Dodging        | |  1.5
Stealth        | |  2.4
Spellcasting   | |  2.1

Action                   |  1- 3 |  4- 6 || total
-------------------------+-------+-------++-------
Melee: Short sword       |    17 |     8 ||    25
       Bite              |     4 |     2 ||     6
       Trident           |       |     5 ||     5
 Cast: Shock             |    73 |    91 ||   164
  Use: Scroll            |       |    11 ||    11
       Potion            |       |     1 ||     1
  Eat: Chunk             |     4 |     7 ||    11
       Ration            |       |     1 ||     1
Armor: Robe              |     5 |    16 ||    21
Dodge: Dodged            |    19 |    43 ||    62
